[Event "December 19 Late 2023"]
[Site "https://www.chess.com"]
[Date "2023.12.19"]
[Round "6"]
[White "Bogaudinov, Rushan"]
[Black "Nasybullina, Alfia"]
[Result "1-0"]
[Board "133"]
[TimeControl "180+1"]
[WhiteFideId "4129288"]
[BlackFideId "4132416"]
[WhiteElo "1937"]
[BlackElo "1920"]
[WhiteTeam "RUS"]
[BlackTeam "KAZ"]
[WhiteClock "0:02:01"]
[BlackClock "0:02:09"]

1. a3 e5 2. h4 Nf6 3. h5 d5 4. d3 Nc6 5. h6 g6 6. Nc3 d4 7. Ne4 Nxe4 8. dxe4 f5 9. exf5 Bxf5 10. Bd2 Be7 11. e3 dxe3 12. Bxe3 Qxd1+ 13. Kxd1 Rd8+ 14. Kc1 Nd4 15. Bxd4 exd4 16. Nf3 O-O 17. Bc4+ Kh8 18. Bd3 Rd5 19. b4 b6 20. Kb2 c5 21. bxc5 bxc5 22. Rae1 Bxd3 23. cxd3 Bf6 24. Re6 Kg8 25. Kc2 Kf7 26. Ra6 Rd7 27. Re1 Re8 28. Rxe8 Kxe8 29. Rxf6 Ke7 30. Rc6 Rd5 31. a4 Rh5 32. Rc7+ Kd6 33. Rxh7 a5 34. Rh8 Ke6 35. h7 Kf7 36. Ra8 Rxh7 37. Ng5+ 1-0

[Event "December 19 Late 2023"]
[Site "https://www.chess.com"]
[Date "2023.12.19"]
[Round "6"]
[White "Martynenko, Ivan"]
[Black "Azar, Sebastien"]
[Result "0-1"]
[Board "134"]
[TimeControl "180+1"]
[WhiteFideId "2053179"]
[BlackFideId "2640198"]
[WhiteElo "2265"]
[BlackElo "2381"]
[WhiteTeam "USA"]
[BlackTeam "CAN"]
[WhiteClock "0:00:07"]
[BlackClock "0:00:08"]

1. e4 c5 2. Nf3 d6 3. d4 cxd4 4. Nxd4 Nf6 5. Nc3 Nc6 6. Bg5 e6 7. f4 a6 8. Qd2 Be7 9. O-O-O Bd7 10. Be2 h6 11. Bh4 b5 12. Bf3 b4 13. Nxc6 Bxc6 14. Bxf6 Bxf6 15. Qxd6 Qxd6 16. Rxd6 Rc8 17. Ne2 O-O 18. Rhd1 Be7 19. R6d2 Bc5 20. Nd4 Ba4 21. b3 Bd7 22. Kb1 a5 23. e5 a4 24. Nf5 Bb5 25. Nd6 Rb8 26. Nxb5 Rxb5 27. Rd7 axb3 28. cxb3 Ra5 29. Be4 Be3 30. g3 g6 31. h4 Bf2 32. h5 gxh5 33. R1d2 Bxg3 34. Rg2 h4 35. Rc2 Bxf4 36. Rcc7 Bxe5 37. Rb7 Bg3 38. Kb2 Re5 39. Rxb4 Rc8 40. Bd3 Re3 41. Rbb7 Rf8 42. a4 h3 43. Bb5 h2 44. Bc6 e5 45. Rd1 e4 46. Rh1 Re2+ 47. Ka3 Bd6+ 48. b4 Re3+ 49. Kb2 Rc8 50. Kc2 Rxc6+ 51. Kd2 Rcc3 52. Rxh2 Rcd3+ 53. Kc2 Bxh2 54. a5 Kg7 55. Kb2 Bg1 56. a6 Re2+ 57. Kb1 Rd1# 0-1

[Event "December 19 Late 2023"]
[Site "https://www.chess.com"]
[Date "2023.12.19"]
[Round "6"]
[White "BenchGM"]
[Black "Laskakis, Konstantinos"]
[Result "0-1"]
[Board "135"]
[TimeControl "180+1"]
[BlackFideId "42134374"]
[WhiteElo "2250"]
[BlackElo "2374"]
[BlackTeam "GRE"]
[WhiteClock "0:00:03"]
[BlackClock "0:00:17"]

1. e4 e5 2. Nf3 Nc6 3. d4 exd4 4. Nxd4 Nf6 5. Nxc6 bxc6 6. e5 Qe7 7. Qe2 Nd5 8. c4 Ba6 9. Nd2 g6 10. Nf3 Qb4+ 11. Kd1 Ne7 12. Bg5 Bg7 13. Qd2 Rb8 14. Qxb4 Rxb4 15. b3 c5 16. Kc2 Bb7 17. Re1 Bxf3 18. gxf3 Nc6 19. Be3 Nd4+ 20. Bxd4 cxd4 21. a3 Rb6 22. c5 Re6 23. Bh3 Re7 24. Kd3 O-O 25. f4 Rfe8 26. Re4 d6 27. cxd6 cxd6 28. Rhe1 dxe5 29. fxe5 Bxe5 30. f4 Bd6 31. Rxe7 Rxe7 32. Rxe7 Bxe7 33. a4 Bd6 34. Kxd4 Bxf4 35. b4 Bxh2 36. b5 Bg1+ 37. Kd5 Kg7 38. a5 h5 39. Kc6 g5 40. b6 axb6 41. axb6 g4 42. Bg2 h4 43. b7 Bh2 44. Kd5 Bb8 45. Ke4 Kg6 46. Ke3 f5 47. Bc6 Kg5 48. Kf2 h3 49. Kg1 f4 50. Kf2 Kh4 51. Kg1 Ba7+ 52. Kh1 g3 53. Bf3 g2+ 54. Bxg2 hxg2+ 55. Kxg2 Kg4 56. b8=Q Bxb8 0-1

[Event "December 19 Late 2023"]
[Site "https://www.chess.com"]
[Date "2023.12.19"]
[Round "6"]
[White "Marin Pincheira, Carlos"]
[Black "Sabar Ethmane Daouda"]
[Result "1-0"]
[Board "136"]
[TimeControl "180+1"]
[WhiteFideId "3407543"]
[BlackFideId "19600097"]
[WhiteElo "2080"]
[BlackElo "1950"]
[WhiteTeam "CHI"]
[BlackTeam "MTN"]
[WhiteClock "0:00:15"]
[BlackClock "0:00:59"]

1. d4 d5 2. c4 e6 3. Nf3 c6 4. Qc2 Nf6 5. g3 Be7 6. Bg2 Nbd7 7. O-O h5 8. Bg5 Ne4 9. Bxe7 Qxe7 10. Nbd2 f5 11. e3 g5 12. Rab1 h4 13. b4 hxg3 14. fxg3 g4 15. Ne5 Nxe5 16. dxe5 Qh7 17. Nxe4 Qxh2+ 18. Kf2 f4 19. exf4 dxe4 20. Rh1 e3+ 21. Kf1 Qxg3 22. Rxh8+ Kd7 23. Qh7# 1-0

[Event "December 19 Late 2023"]
[Site "https://www.chess.com"]
[Date "2023.12.19"]
[Round "6"]
[White "Kubatko, Ivan"]
[Black "De Souza, Cristiano Gomes"]
[Result "1/2-1/2"]
[Board "137"]
[TimeControl "180+1"]
[WhiteFideId "24111473"]
[BlackFideId "2151758"]
[WhiteElo "2285"]
[BlackElo "2068"]
[WhiteTeam "RUS"]
[BlackTeam "BRA"]
[WhiteClock "0:00:08"]
[BlackClock "0:00:44"]

1. e4 c5 2. c3 d6 3. d4 Nf6 4. Bd3 Qc7 5. Nf3 Bg4 6. O-O Nbd7 7. h3 Bxf3 8. Qxf3 e5 9. dxc5 dxc5 10. a4 Be7 11. Na3 a6 12. Nc4 O-O 13. a5 Rfd8 14. Bg5 h6 15. Bh4 Nf8 16. Nb6 Rab8 17. Bc4 Ng6 18. Bxf6 Bxf6 19. Nd5 Qc6 20. Qf5 Kh7 21. Nxf6+ Qxf6 22. Bxf7 Qxf5 23. exf5 Ne7 24. Be6 Rf8 25. g4 Nc6 26. Rfd1 Rbd8 27. Bd5 g6 28. fxg6+ Kxg6 29. Be4+ Kg5 30. Kg2 h5 31. Bxc6 bxc6 32. f3 hxg4 33. hxg4 e4 34. fxe4 Kxg4 35. b4 cxb4 36. cxb4 Kf4 37. Rac1 Rg8+ 38. Kf2 Rdf8 39. Ke2 Rg2+ 40. Kd3 Rd8+ 41. Kc4 Rxd1 42. Rxd1 Kxe4 43. Rd6 Rc2+ 44. Kb3 Rc1 45. Rd8 Ke5 46. Kb2 Rc4 47. Kb3 Rc1 48. Rd2 Ke6 49. Rd8 Ke7 50. Rd3 Re1 51. Kc4 Re5 52. Rh3 Kd6 53. Rh7 Re7 54. Rh6+ Kc7 55. Rg6 Re4+ 56. Kc5 Re5+ 57. Kd4 Rd5+ 58. Kc4 Rh5 59. Rg7+ Kd6 60. Rg6+ Kc7 61. Rg7+ Kb8 62. Rg4 Rh7 63. Rg5 Kc7 64. Kc5 Rd7 65. Re5 Rh7 66. Rf5 Re7 67. Kc4 Re4+ 68. Kc5 Re7 69. Rg5 Rh7 70. Rf5 Re7 1/2-1/2

[Event "December 19 Late 2023"]
[Site "https://www.chess.com"]
[Date "2023.12.19"]
[Round "6"]
[White "Melamed, Daniel"]
[Black "Malek, Omid"]
[Result "0-1"]
[Board "138"]
[TimeControl "180+1"]
[WhiteFideId "3229076"]
[BlackFideId "2605384"]
[WhiteElo "1908"]
[BlackElo "2013"]
[WhiteTeam "AUS"]
[BlackTeam "CAN"]
[WhiteClock "0:00:26"]
[BlackClock "0:01:24"]

1. d4 Nf6 2. Nf3 e6 3. Bf4 d5 4. e3 Bd6 5. c3 O-O 6. Bg3 Nbd7 7. Nbd2 Re8 8. Ne5 Nf8 9. Bd3 Ng6 10. f4 c5 11. O-O b6 12. h4 h5 13. Nxg6 fxg6 14. Bxg6 Rf8 15. Nf3 Bd7 16. Ne5 Be8 17. Bd3 c4 18. Bc2 b5 19. a3 a5 20. Qf3 b4 21. axb4 axb4 22. Ng6 Bxg6 23. Bxg6 bxc3 24. bxc3 Ra3 25. Rxa3 Bxa3 26. Bxh5 Bb2 27. Bg6 Bxc3 28. h5 Bb4 29. Bh4 Be7 30. Qh3 Qd6 31. g4 c3 32. g5 Ne4 33. h6 gxh6 34. gxh6 Kh8 35. Bxe4 dxe4 36. Bxe7 Qxe7 37. Kh2 Rg8 38. Qh5 Kh7 39. Rc1 Rg6 40. Qe5 Qh4# 0-1

[Event "December 19 Late 2023"]
[Site "https://www.chess.com"]
[Date "2023.12.19"]
[Round "6"]
[White "Clarke, Matthew"]
[Black "Fernandez Bustamante, Leancy B."]
[Result "0-1"]
[Board "139"]
[TimeControl "180+1"]
[WhiteFideId "3227804"]
[BlackFideId "3523870"]
[WhiteElo "2026"]
[BlackElo "2049"]
[WhiteTeam "AUS"]
[BlackTeam "CUB"]
[WhiteClock "0:00:01"]
[BlackClock "0:01:35"]

1. d4 c5 2. d5 d6 3. e4 e5 4. Nf3 Nf6 5. Nc3 g6 6. Bd3 Bg7 7. O-O O-O 8. Nd2 Na6 9. Re1 Nc7 10. a4 Nfe8 11. Nc4 f5 12. f3 f4 13. Qe2 h5 14. Qf1 g5 15. Nd1 Rf7 16. Bd2 Bf8 17. b4 b6 18. bxc5 bxc5 19. Rb1 Rg7 20. Na5 g4 21. fxg4 hxg4 22. Nf2 Qh4 23. Nh1 Rh7 24. Nc6 Qxh2+ 25. Kf2 f3 26. Qg1 Qh4+ 27. Ng3 fxg2 28. Qxg2 Rf7+ 29. Kg1 Rf3 30. Re3 Bh6 31. Rxf3 gxf3 32. Qxf3 Bxd2 33. Rf1 Bf4 34. Nf5 0-1

[Event "December 19 Late 2023"]
[Site "https://www.chess.com"]
[Date "2023.12.19"]
[Round "6"]
[White "Gerbelli Neto, Eduardo"]
[Black "Quirke, Jeffrey"]
[Result "1-0"]
[Board "140"]
[TimeControl "180+1"]
[WhiteFideId "2103281"]
[BlackFideId "2013029"]
[WhiteElo "2178"]
[BlackElo "2153"]
[WhiteTeam "BRA"]
[BlackTeam "USA"]
[WhiteClock "0:00:25"]
[BlackClock "0:00:00"]

1. e4 e6 2. d4 d5 3. Nc3 Nf6 4. e5 Nfd7 5. Nf3 c5 6. dxc5 Nc6 7. Bf4 Bxc5 8. Bd3 Be7 9. h4 Nc5 10. Be2 a6 11. h5 h6 12. Nd4 Bd7 13. O-O b5 14. a3 Rb8 15. Bg3 O-O 16. f4 Ne4 17. Nxe4 dxe4 18. Bf2 Nxd4 19. Qxd4 Bc6 20. Rfd1 Qxd4 21. Bxd4 Rfd8 22. c3 Bd5 23. Kf2 a5 24. Ke3 Rdc8 25. b4 a4 26. g4 f5 27. exf6 Bxf6 28. Bxf6 gxf6 29. Rac1 Kf7 30. g5 fxg5 31. fxg5 hxg5 32. Rg1 Rg8 33. Rcf1+ Ke7 34. h6 Rg6 35. h7 Rh6 36. Rh1 Rxh1 37. Rxh1 Rh8 38. Bxb5 g4 39. Bf1 Kf6 40. c4 Bb7 41. Bg2 1-0

[Event "December 19 Late 2023"]
[Site "https://www.chess.com"]
[Date "2023.12.19"]
[Round "6"]
[White "GirthyHuell"]
[Black "Harrington, Steve"]
[Result "1-0"]
[Board "141"]
[TimeControl "180+1"]
[BlackFideId "2038730"]
[WhiteElo "2325"]
[BlackElo "2163"]
[BlackTeam "USA"]
[WhiteClock "0:00:11"]
[BlackClock "0:00:00"]

1. e4 c5 2. d4 cxd4 3. c3 d5 4. exd5 Qxd5 5. Nf3 e6 6. cxd4 Nf6 7. Nc3 Qd6 8. Bc4 Be7 9. h4 Nc6 10. Nb5 Qb4+ 11. Bd2 Qxc4 12. Nc7+ Kd8 13. Nxa8 Nd5 14. b3 Qa6 15. Rc1 Bd7 16. Ne5 Nxe5 17. dxe5 Bc6 18. Qc2 Kd7 19. Qc4 Rxa8 20. Qxa6 bxa6 21. Bg5 f6 22. exf6 gxf6 23. Bh6 Bb4+ 24. Bd2 Bb5 25. Bxb4 Nxb4 26. Kd2 Rd8 27. a3 Nd5 28. Kc2 Ke7 29. Rhd1 a5 30. a4 Ba6 31. Kb2 Rb8 32. Rd3 Rb7 33. Rg3 Kf7 34. h5 f5 35. h6 Kf6 36. Rc6 Nb4 37. Rc5 Nd3+ 38. Rxd3 Bxd3 39. Rxa5 Be4 40. f3 Bd5 41. Kc3 Rxb3+ 42. Kd4 Rb7 43. Rc5 Rd7 44. Rc8 1-0

[Event "December 19 Late 2023"]
[Site "https://www.chess.com"]
[Date "2023.12.19"]
[Round "6"]
[White "Joel Paul Ganta"]
[Black "Sailer, Mike"]
[Result "0-1"]
[Board "142"]
[TimeControl "180+1"]
[WhiteFideId "35066145"]
[BlackFideId "2012901"]
[WhiteElo "1891"]
[BlackElo "2109"]
[WhiteTeam "IND"]
[BlackTeam "USA"]
[WhiteClock "0:00:20"]
[BlackClock "0:00:36"]

1. Nf3 d5 2. b3 Nf6 3. Bb2 Bf5 4. e3 e6 5. c4 c5 6. cxd5 exd5 7. d4 Nc6 8. Bd3 Bg4 9. Nbd2 cxd4 10. exd4 Bd6 11. O-O O-O 12. Re1 Rc8 13. a3 Bb8 14. h3 Bh5 15. Rc1 Qd6 16. Nf1 Qf4 17. Ng3 Bxf3 18. Qxf3 Qxf3 19. gxf3 Bf4 20. Rc2 g6 21. Kg2 h5 22. h4 Bc7 23. Bc1 Bb6 24. Bg5 Nh7 25. Bh6 Rfe8 26. Bb5 Rxe1 0-1

[Event "December 19 Late 2023"]
[Site "https://www.chess.com"]
[Date "2023.12.19"]
[Round "6"]
[White "Saim, Mohamed Ilias"]
[Black "Kornyukov, Alexey"]
[Result "1-0"]
[Board "143"]
[TimeControl "180+1"]
[WhiteFideId "7900465"]
[BlackFideId "4150457"]
[WhiteElo "2063"]
[BlackElo "2352"]
[WhiteTeam "ALG"]
[BlackTeam "RUS"]
[WhiteClock "0:00:17"]
[BlackClock "0:00:07"]

1. d4 d5 2. c4 e6 3. Nc3 c6 4. e4 dxe4 5. Nxe4 Bb4+ 6. Bd2 Qxd4 7. Bxb4 Qxe4+ 8. Be2 Na6 9. Bf8 Ne7 10. Bxe7 Kxe7 11. Nf3 Rd8 12. Qc1 h6 13. h4 Nc5 14. Kf1 e5 15. Qc3 f6 16. h5 Bf5 17. Rc1 Nd3 18. Rh4 Nf4 19. Re1 Qc2 20. Qxc2 Bxc2 21. Rxf4 exf4 22. Bd1+ Kf8 23. Bxc2 Re8 24. Rc1 Rad8 25. Bg6 Re7 26. g3 fxg3 27. fxg3 c5 28. Rc2 Rd1+ 29. Kf2 b6 30. Nh4 Ree1 31. Nf5 Rf1+ 32. Kg2 Rfe1 33. a3 Rd3 34. b4 Red1 35. bxc5 R3d2+ 36. Rxd2 Rxd2+ 37. Kf3 bxc5 38. Ne3 Ra2 39. Nc2 Ke7 40. Ke4 Kd6 41. Kd3 Rb2 42. Kc3 Rb7 43. Ne3 Rb6 44. Nf5+ Ke5 45. Nxg7 Ra6 46. Kb3 Rd6 47. Nf5 Rd3+ 48. Ka4 Rf3 49. Nxh6 Rxg3 50. Nf7+ Ke6 51. h6 Rh3 52. h7 f5 53. h8=Q Rxh8 54. Nxh8 Kf6 55. Bh5 f4 56. Bf3 Kg7 57. Kb5 Kxh8 58. Kxc5 Kg7 59. Kd6 Kf6 60. c5 Kg5 61. c6 Kh4 62. c7 Kg3 63. c8=Q Kxf3 64. Qh3+ Ke2 65. Qg2+ Ke3 66. Qf1 f3 67. Kc7 a5 68. Kb7 Kd4 69. Kb6 Kc3 70. Kxa5 Kb3 71. Qxf3+ Ka2 72. Kb4 Kb2 73. Qf2+ Kc1 74. Kc3 Kd1 75. Qd2# 1-0

[Event "December 19 Late 2023"]
[Site "https://www.chess.com"]
[Date "2023.12.19"]
[Round "6"]
[White "Antonio, Jorge Carlos"]
[Black "Novikova, Margarita"]
[Result "1-0"]
[Board "144"]
[TimeControl "180+1"]
[WhiteFideId "113190"]
[BlackFideId "14109689"]
[WhiteElo "2247"]
[BlackElo "2090"]
[WhiteTeam "ARG"]
[BlackTeam "GER"]
[WhiteClock "0:00:35"]
[BlackClock "0:00:03"]

1. e4 d5 2. exd5 Qxd5 3. Nc3 Qd6 4. d4 Nf6 5. Nf3 c6 6. Be3 Bg4 7. h3 Bh5 8. Be2 e6 9. Ne5 Bxe2 10. Qxe2 Nbd7 11. Nxd7 Qxd7 12. O-O-O Bb4 13. Na4 Nd5 14. Nc5 Bxc5 15. dxc5 Qc7 16. c4 Nxe3 17. Qxe3 O-O 18. Rd6 Rad8 19. Rhd1 b6 20. a3 b5 21. Qd2 Rxd6 22. cxd6 Qd7 23. c5 g6 24. Qd4 a5 25. h4 Re8 26. h5 e5 27. Qh4 Qd8 28. Qxd8 Rxd8 29. hxg6 hxg6 30. Kd2 Rd7 31. Ke3 f5 32. g4 Kf7 33. gxf5 gxf5 34. Rh1 Ke6 35. b4 axb4 36. axb4 Kd5 37. Kd3 e4+ 38. Kc3 f4 39. Rh5+ Ke6 40. Kd4 e3 41. fxe3 f3 42. Rh2 Kf5 43. e4+ Kg4 44. e5 Kg3 45. Rb2 f2 46. Rb1 Kg2 47. e6 Ra7 48. Ke5 Ra2 49. e7 Re2+ 50. Kf6 Re1 51. Rb2 Kf3 52. Rxf2+ Kxf2 53. d7 Rb1 54. d8=Q 1-0

[Event "December 19 Late 2023"]
[Site "https://www.chess.com"]
[Date "2023.12.19"]
[Round "6"]
[White "Slavin, Alexey"]
[Black "Levine, David"]
[Result "1-0"]
[Board "145"]
[TimeControl "180+1"]
[WhiteFideId "24104388"]
[BlackFideId "2011611"]
[WhiteElo "2264"]
[BlackElo "2055"]
[WhiteTeam "RUS"]
[BlackTeam "USA"]
[WhiteClock "0:00:20"]
[BlackClock "0:00:00"]

1. e4 e5 2. Nf3 Nc6 3. c3 Nf6 4. d4 exd4 5. e5 Ne4 6. cxd4 d5 7. Be2 Bb4+ 8. Nbd2 O-O 9. O-O f5 10. Nxe4 dxe4 11. Bc4+ Kh8 12. Ng5 Nxd4 13. Qh5 h6 14. Nf7+ Rxf7 15. Bxf7 Qf8 16. a3 Bc5 17. Be3 Be6 18. Bg6 Nb3 19. Bxc5 Nxc5 20. Rac1 b6 21. b4 Nd3 22. Rxc7 Nxe5 23. f4 Qd6 24. Rfc1 Qd4+ 25. Kh1 Nd3 26. h3 Nxf4 27. Qh4 Nxg6 28. Qg3 Kh7 29. R1c6 f4 30. Qe1 Bd5 31. Rd6 Qe5 32. Rdd7 Rf8 33. Rxg7+ Qxg7 34. Rxg7+ Kxg7 35. Qc3+ Rf6 36. Qd4 1-0

[Event "December 19 Late 2023"]
[Site "https://www.chess.com"]
[Date "2023.12.19"]
[Round "6"]
[White "Nery Junior, Jose Antonio"]
[Black "Shapiro, Daniel"]
[Result "0-1"]
[Board "146"]
[TimeControl "180+1"]
[WhiteFideId "2104822"]
[BlackFideId "2001780"]
[WhiteElo "2197"]
[BlackElo "2289"]
[WhiteTeam "BRA"]
[BlackTeam "USA"]
[WhiteClock "0:00:00"]
[BlackClock "0:00:18"]

1. e4 c5 2. Nf3 Nc6 3. d4 cxd4 4. Nxd4 Nf6 5. Nc3 d6 6. Bg5 Qb6 7. Nb3 e6 8. Qd2 a6 9. f3 Be7 10. O-O-O O-O 11. Kb1 Rd8 12. h4 Qc7 13. h5 b5 14. h6 g6 15. Qf4 Ne8 16. g4 Bb7 17. Bxb5 axb5 18. Nxb5 Qb6 19. Bxe7 Nxe7 20. Nc3 d5 21. Qe5 f6 22. Qf4 d4 23. Ne2 e5 24. Qg3 Ba6 25. Nec1 Rac8 26. g5 Qe6 27. Rh2 Nd6 28. gxf6 Qxf6 29. Re1 Nc4 30. Rh4 Ne3 31. f4 Nxc2 32. fxe5 Qe6 33. Rd1 d3 34. Rf4 Nc6 35. Nxd3 Nxe5 36. Rf8+ Rxf8 37. Nxe5 Nb4 38. Ng4 Qxe4+ 39. Ka1 Nc2+ 40. Kb1 Na3+ 0-1

[Event "December 19 Late 2023"]
[Site "https://www.chess.com"]
[Date "2023.12.19"]
[Round "6"]
[White "Thake, Conrad"]
[Black "Gumugama"]
[Result "0-1"]
[Board "147"]
[TimeControl "180+1"]
[WhiteFideId "5602947"]
[WhiteElo "1662"]
[BlackElo "2195"]
[WhiteTeam "MLT"]
[WhiteClock "0:00:00"]
[BlackClock "0:00:11"]

1. e4 c5 2. Nf3 Nc6 3. d4 cxd4 4. Nxd4 g6 5. Nc3 Bg7 6. Be3 Nf6 7. Nxc6 bxc6 8. Bc4 O-O 9. O-O d5 10. exd5 cxd5 11. Nxd5 Nxd5 12. Bxd5 Rb8 13. Rb1 Bf5 14. Bb3 Qc7 15. Qe2 a5 16. a4 Rxb3 17. cxb3 Bxb1 18. Rxb1 Rb8 19. Qd1 Qb7 20. Rc1 h5 21. Bd4 Qxb3 22. Bxg7 Qxd1+ 23. Rxd1 Kxg7 24. Rd2 Rb4 25. g3 Rxa4 26. Kg2 Ra2 27. Re2 Kf6 28. Kf3 a4 29. Re4 e5 30. Rb4 g5 31. h3 Kf5 32. Rb7 f6 33. Rb4 g4+ 34. hxg4+ hxg4+ 35. Rxg4 a3 0-1

[Event "December 19 Late 2023"]
[Site "https://www.chess.com"]
[Date "2023.12.19"]
[Round "6"]
[White "Kniazev, Igor"]
[Black "Vargas, Mauricio"]
[Result "1-0"]
[Board "148"]
[TimeControl "180+1"]
[WhiteFideId "4136349"]
[BlackFideId "4404572"]
[WhiteElo "1853"]
[BlackElo "1982"]
[WhiteTeam "RUS"]
[BlackTeam "COL"]
[WhiteClock "0:00:09"]
[BlackClock "0:00:00"]

1. e4 d5 2. exd5 Qxd5 3. Nc3 Qa5 4. d4 c6 5. Nf3 Nf6 6. Bc4 Bg4 7. h3 Bh5 8. Bd2 Qc7 9. g4 Bg6 10. Ne5 e6 11. h4 Be4 12. f3 Bd5 13. Nxd5 Nxd5 14. Qe2 Bd6 15. f4 Nd7 16. O-O-O O-O 17. h5 c5 18. Nxd7 Qxd7 19. dxc5 Bxc5 20. h6 g6 21. Bc3 Nxc3 22. bxc3 Ba3+ 23. Kb1 Qc7 24. f5 Qa5 25. Rd3 Rac8 26. Qe4 Rfd8 27. fxg6 Rxc4 28. Rxd8+ Qxd8 29. gxh7+ Kh8 30. Qxc4 Qb6+ 31. Qb3 Qc5 32. Rd1 Kxh7 33. Rd4 Qe7 34. Rc4 Kxh6 35. g5+ Kg6 36. Rf4 Bd6 37. Rf1 Be5 38. Qc4 Kg7 39. a4 Qd6 40. Re1 Qb6+ 41. Qb4 Qxb4+ 42. cxb4 Bc3 43. Re4 Kg6 44. Rc4 Bd2 45. b5 Bxg5 46. Rc7 1-0

[Event "December 19 Late 2023"]
[Site "https://www.chess.com"]
[Date "2023.12.19"]
[Round "6"]
[White "Guzman Lozano, Campo Elias"]
[Black "Wu, Derek"]
[Result "0-1"]
[Board "149"]
[TimeControl "180+1"]
[WhiteFideId "4403746"]
[BlackFideId "30914558"]
[WhiteElo "2099"]
[BlackElo "2211"]
[WhiteTeam "COL"]
[BlackTeam "USA"]
[WhiteClock "0:00:36"]
[BlackClock "0:00:27"]

1. f4 d6 2. e4 e5 3. d4 exd4 4. Qxd4 Nc6 5. Bb5 Qf6 6. Nf3 Bd7 7. Qd2 O-O-O 8. Nc3 Qg6 9. O-O Nf6 10. f5 Qg4 11. h3 Qg3 12. Qf4 Qxf4 13. Bxf4 a6 14. Bd3 Be7 15. a3 h6 16. Rae1 Rhe8 17. Nd5 Kb8 18. Nxe7 Rxe7 19. c3 Rde8 20. Nd2 Ne5 21. Bxe5 Rxe5 22. Nc4 R5e7 23. Nd2 Bc6 24. Rf4 d5 25. e5 Rxe5 26. Rxe5 Rxe5 27. Kf2 Kc8 28. g4 Bb5 29. c4 Bc6 30. Nf3 Re7 31. Rd4 dxc4 32. Bxc4 b5 33. Bb3 Ne4+ 34. Kg1 Nc5 35. Bd1 Kb7 36. Kf2 Ne4+ 37. Kg1 Kb6 38. Bc2 Ng3 39. Kf2 Nh1+ 40. Kg2 Re2+ 41. Kxh1 Bxf3+ 42. Kg1 Rxc2 43. Rd7 Rxb2 44. Rxf7 h5 45. Rxg7 hxg4 46. hxg4 Rg2+ 47. Kf1 Rxg4 48. Re7 Bd5 49. Ke2 Re4+ 50. Rxe4 Bxe4 0-1

[Event "December 19 Late 2023"]
[Site "https://www.chess.com"]
[Date "2023.12.19"]
[Round "6"]
[White "Aghasiyev, Kamal"]
[Black "Oliveira, Tiago Batista"]
[Result "1-0"]
[Board "150"]
[TimeControl "180+1"]
[WhiteFideId "13402854"]
[BlackFideId "2108291"]
[WhiteElo "2196"]
[BlackElo "1962"]
[WhiteTeam "AZE"]
[BlackTeam "BRA"]
[WhiteClock "0:01:36"]
[BlackClock "0:00:00"]

1. d4 Nf6 2. c4 g6 3. Nc3 d5 4. cxd5 Nxd5 5. e4 Nxc3 6. bxc3 Bg7 7. Be3 c5 8. Qd2 Qa5 9. Nf3 O-O 10. Rc1 Rd8 11. d5 e6 12. c4 Qxd2+ 13. Nxd2 b6 14. Be2 Ba6 15. O-O exd5 16. exd5 Nd7 17. Nf3 Re8 18. Rfe1 Ne5 19. Nxe5 Rxe5 20. Bf1 Rae8 21. a4 f5 22. Bd2 Kf7 23. g3 h6 24. f3 g5 25. Kf2 Rxe1 26. Rxe1 Bd4+ 27. Kg2 Rxe1 28. Bxe1 Kf6 29. f4 Be3 30. Bc3+ Ke7 31. Kf3 gxf4 32. gxf4 Bg1 33. h3 Bd4 34. Bd2 Kf6 35. Bd3 Bc8 36. Be1 Bd7 37. Bh4+ Kg6 38. Bd8 1-0

[Event "December 19 Late 2023"]
[Site "https://www.chess.com"]
[Date "2023.12.19"]
[Round "6"]
[White "Ghosh, Chanchal Kumer"]
[Black "Wu, Sibo"]
[Result "0-1"]
[Board "151"]
[TimeControl "180+1"]
[WhiteFideId "10201858"]
[BlackFideId "8606048"]
[WhiteElo "2067"]
[BlackElo "2410"]
[WhiteTeam "BAN"]
[BlackTeam "CHN"]
[WhiteClock "0:02:22"]
[BlackClock "0:02:44"]

1. e4 c5 2. Nf3 Nc6 3. d4 cxd4 4. Nxd4 Nf6 5. Nc3 e5 6. Nxc6 bxc6 7. Be2 Bb4 8. Bg5 Qa5 9. Bxf6 Bxc3+ 10. bxc3 Qxc3+ 11. Kf1 gxf6 12. Qd6 Qxa1+ 13. Bd1 Ba6+ 14. Ke1 Qc3+ 0-1

[Event "December 19 Late 2023"]
[Site "https://www.chess.com"]
[Date "2023.12.19"]
[Round "6"]
[White "Gulamirian, Korun"]
[Black "Vila Dupla, Aurelio"]
[Result "0-1"]
[Board "152"]
[TimeControl "180+1"]
[WhiteFideId "4144899"]
[BlackFideId "2203383"]
[WhiteElo "1621"]
[BlackElo "2009"]
[WhiteTeam "RUS"]
[BlackTeam "ESP"]
[WhiteClock "0:00:00"]
[BlackClock "0:00:13"]

1. e4 c5 2. Nf3 d6 3. d4 cxd4 4. Nxd4 Nf6 5. Nc3 g6 6. Be3 Bg7 7. f3 O-O 8. Qd2 Nc6 9. O-O-O Nxd4 10. Bxd4 Be6 11. Be3 Qa5 12. Kb1 Rfc8 13. a3 Bc4 14. Bxc4 Rxc4 15. Nd5 Qxd2 16. Rxd2 Nxd5 17. Rxd5 Rac8 18. Rc1 a6 19. g4 b5 20. Bd2 Be5 21. f4 Bg7 22. e5 dxe5 23. fxe5 Rxg4 24. Rd7 Bxe5 25. Rxe7 Bf6 26. Ra7 Rg2 27. Bf4 Rg4 28. Bg3 Rc6 29. c3 Re4 30. Rd1 Be5 31. Rdd7 Rf6 32. Bxe5 Rxe5 33. h4 Rf2 34. Rd6 Ree2 35. Raxa6 Rxb2+ 36. Kc1 Rbc2+ 37. Kd1 Rxc3 38. Rd2 Rxd2+ 39. Kxd2 Rh3 40. Ra5 Rxh4 41. Rxb5 Ra4 42. Rb3 Kg7 43. Kc2 h5 44. Re3 g5 45. Kb3 Ra8 46. a4 Kg6 47. Kb4 h4 48. a5 f5 49. Re6+ Kh5 50. a6 Kg4 51. Kc3 h3 52. Kd2 f4 53. Ke1 Kg3 54. Kf1 g4 55. Kg1 f3 56. Rf6 Rc8 57. Rxf3+ gxf3 0-1

[Event "December 19 Late 2023"]
[Site "https://www.chess.com"]
[Date "2023.12.19"]
[Round "6"]
[White "Desideri, Ricardo Maruchi"]
[Black "Guevara Sanchez, Erick Marvin"]
[Result "0-1"]
[Board "153"]
[TimeControl "180+1"]
[WhiteFideId "2110440"]
[BlackFideId "6700136"]
[WhiteElo "1945"]
[BlackElo "2040"]
[WhiteTeam "BRA"]
[BlackTeam "ESA"]
[WhiteClock "0:00:30"]
[BlackClock "0:00:47"]

1. e4 c5 2. Nf3 Nc6 3. d4 cxd4 4. Nxd4 e5 5. Nb5 d6 6. c4 Be7 7. Be3 f5 8. f3 Nf6 9. N1c3 a6 10. Na3 fxe4 11. fxe4 O-O 12. Be2 Qe8 13. O-O Qg6 14. Bf3 Bg4 15. Nd5 Nxd5 16. cxd5 Bxf3 17. Rxf3 Rxf3 18. Qxf3 Nd4 19. Bxd4 exd4 20. Qd3 Bf6 21. Nc4 Rd8 22. Re1 b5 23. Na5 Be5 24. Nc6 Rf8 25. Ne7+ Kf7 26. Nxg6 Kxg6 27. Rf1 Rc8 28. Qh3 Rc2 29. Qf5+ Kh6 30. Rf3 g6 31. Rh3+ Kg7 32. Qd7+ Kf6 33. Qe6+ Kg5 34. Rxh7 Rc1+ 35. Kf2 Rc2+ 36. Ke1 Rc1+ 37. Kd2 Bf4+ 38. Kd3 Rd1+ 39. Kc2 Rd2+ 40. Kb3 Rd3+ 41. Kb4 Bd2# 0-1

[Event "December 19 Late 2023"]
[Site "https://www.chess.com"]
[Date "2023.12.19"]
[Round "7"]
[White "Bluebaum, Matthias"]
[Black "Maksimovic, Bojan"]
[Result "1/2-1/2"]
[Board "1"]
[TimeControl "180+1"]
[WhiteFideId "24651516"]
[BlackFideId "14408120"]
[WhiteElo "2621"]
[BlackElo "2527"]
[WhiteTeam "GER"]
[BlackTeam "BIH"]
[WhiteClock "0:01:04"]
[BlackClock "0:00:20"]

1. d4 g6 2. c4 Bg7 3. e4 d6 4. Nc3 e5 5. Nf3 Nd7 6. Be2 Ngf6 7. Be3 O-O 8. O-O c6 9. Qc2 Qe7 10. Rad1 Re8 11. d5 c5 12. Ne1 Kh8 13. Nd3 Ng8 14. b4 b6 15. bxc5 Nxc5 16. Nxc5 bxc5 17. Bd3 Bd7 18. Rb1 Reb8 19. Rb3 Qd8 20. Rfb1 Bh6 21. Bxh6 Nxh6 22. h3 f6 23. Qb2 Rxb3 24. Qxb3 Nf7 25. Qb7 Kg7 26. Bc2 Kf8 27. Ba4 Bxa4 28. Nxa4 Rc8 29. Nc3 Rc7 30. Qa6 Rd7 31. Kh2 h5 32. Rb7 Rxb7 33. Qxb7 Qa5 34. Nb5 Qd2 35. Nc7 Qf4+ 36. Kg1 Qc1+ 37. Kh2 Qf4+ 38. Kg1 Qc1+ 39. Kh2 Qf4+ 1/2-1/2